 Dungeon Crawl Stone Soup version 0.26-a0-690-gcb57259078 (webtiles) character file.

Game seed: 9185880109166648520

10542 Racklesnatz the Basher (level 11, -8/104 HPs)
             Began as a Hill Orc Fighter on Oct 24, 2020.
             Was a Priest of the Shining One.
             Mangled by a spriggan rider
             ... wielding the cursed +1 spear "Enuudyig" {antimagic, +Blink +Inv}
              (22 damage)
             ... on level 2 of the Lair of Beasts.
             The game lasted 00:55:12 (12513 turns).

Racklesnatz the Basher (Hill Orc Fighter)          Turns: 12513, Time: 00:55:14

Health: -8/104     AC: 25    Str: 20    XL:     11   Next: 63%
Magic:  1/11       EV:  6    Int:  8    God:    the Shining One [***...]
Gold:   826        SH: 12    Dex: 25    Spells: 10/10 levels left

rFire    . . .     SeeInvis .   K - +2 flail (protect)
rCold    . . .     Faith    .   v - +0 kite shield
rNeg     + . .     Spirit   .   y - +0 plate armour
rPois    .         Reflect  .   w - +0 helmet
rElec    .         Harm     .   b - +0 cloak
rCorr    .         Rampage  .   A - +0 pair of gloves
MR       .....                  t - +0 pair of boots
Stlth    ..........             r - amulet of magic regeneration
HPRegen  0.27/turn              z - +6 ring of dexterity
MPRegen  0.37/turn              S - +6 ring of dexterity

@: protection aura, berserk cooldown, slowed, glowing, lightly drained, very
slow
A: talons 2, blink, robust 1
a: Blink, Divine Shield, Renounce Religion


You were on level 2 of the Lair of Beasts.
You worshipped the Shining One.
The Shining One was most pleased with you.
You visited 2 branches of the dungeon, and saw 12 of its levels.
You also visited: Sewer.

You collected 826 gold pieces.

Inventory:

Hand Weapons
 i - a +3 flail of holy wrath
 n - the +9 rapier "Ximuffoggo" {antimagic, Int+4}
   (You found it on level 1 of the Lair of Beasts)

   It reduces the magical energy of the wielder, and disrupts the spells and
   magical abilities of those hit.
   Natural abilities and divine invocations are not affected.
   It affects your intelligence (+4).
 u - a +0 arbalest
 K - a +2 flail of protection (weapon)
Missiles
 f - 499 stones
 g - 121 poisoned darts (quivered)
 C - a throwing net
 V - 10 javelins
Armour
 b - a +0 cloak (worn)
 t - a +0 pair of boots (worn)
 v - a +0 kite shield (worn)
 w - a +0 helmet (worn)
 y - a +0 plate armour (worn)
 A - a +0 pair of gloves (worn)
Magical Staves
 Y - an uncursed staff of poison
Jewellery
 h - an uncursed amulet of the acrobat {unknown}
 r - an amulet of magic regeneration (around neck)
 z - a +6 ring of dexterity (left hand)
 B - an uncursed ring of protection from cold
 O - an uncursed ring of ice
 S - a +6 ring of dexterity (right hand)
Wands
 a - a wand of paralysis (11)
 D - a wand of flame (78)
 F - a wand of random effects (62)
 G - a wand of polymorph (8)
 T - a wand of acid (5)
 W - a wand of disintegration (6)
Scrolls
 c - 5 scrolls of remove curse
 e - a scroll of random uselessness
 j - 5 scrolls of identify
 k - 5 scrolls of teleportation
 m - 2 scrolls of enchant armour
 p - 3 scrolls of enchant weapon
 s - a scroll of fear
 E - 2 scrolls of blinking
 N - a scroll of immolation
 R - 2 scrolls of magic mapping
 U - a scroll of holy word
 X - a scroll of amnesia {unknown}
Potions
 d - 2 potions of might
 l - 4 potions of curing
 o - 6 potions of haste
 x - 2 potions of degeneration
 H - 2 potions of berserk rage {unknown}
 I - a potion of flight {unknown}
 J - 4 potions of stabbing {unknown}
 L - a potion of lignification
 P - 2 potions of cancellation {unknown}
 Q - a potion of invisibility


   Skills:
 + Level 8.6(8.2) Fighting
   Level 6.0(11.5) Axes
 * Level 13.4 Maces & Flails
 + Level 0.4(0.1) Throwing
 + Level 7.7(7.4) Armour
 + Level 2.8(2.5) Dodging
 - Level 0.6(0.4) Stealth
 + Level 8.3(8.0) Shields


You had 10 spell levels left.
You didn't know any spells.
Your spell library contained the following spells:

 Spells                   Type           Power        Failure   Level
 Corona                   Hex            #......      100%        1
 Slow                     Hex            #.......     100%        2
 Confusing Touch          Hex            #.......     100%        3
 Gell's Gravitas          Tloc           #.........   100%        3
 Inner Flame              Hex/Fire       #.......     100%        3
 Portal Projectile        Hex/Tloc       #.....       100%        3
 Cause Fear               Hex            #.........   100%        4
 Leda's Liquefaction      Hex/Erth       #.........   100%        4
 Petrify                  Tmut/Erth      #.......     100%        4
 Metabolic Englaciation   Hex/Ice        #.........   100%        5
 Yara's Violent Unravell  Hex/Tmut       #.........   100%        5


Dungeon Overview and Level Annotations

Branches:
Dungeon (10/15)            Temple (0/1) D:4            Lair (2/6) D:10
  Sewer (visited)
  Swamp: Lair:2-4    Shoals: Lair:2-4     Snake: Lair:2-4    Spider: Lair:2-4
    Orc: D:9-12

Altars:
Ashenzari
Dithmenos
Okawaru
Ru
Trog
The Shining One

Annotations:
Lair:2 1 transporter, Kotami's ghost, journeyman OpFi


Innate Abilities, Weirdness & Mutations

You have razor-sharp toenails.
You can translocate small distances at will.
You are robust. (+10% HP)


Message History

You hear a shout!
The spriggan rider hits you with the cursed +1 spear "Enuudyig" {antimagic, +Blink +Inv}!
You feel your power leaking away.
You hear a shout!
You sock the spriggan rider!
Your weapon exudes an aura of protection.
The spriggan rider is lightly wounded.
The spriggan hits you with a +0 rapier of draining!
* * * LOW HITPOINT WARNING * * *
You partially resist.
You feel drained.
* * * LOW HITPOINT WARNING * * *
The spriggan rider hits you with the cursed +1 spear "Enuudyig" {antimagic, +Blink +Inv}!!
* * * LOW HITPOINT WARNING * * *
Unknown command.
You feel much better.
The spriggan hits you with a +0 rapier of draining!
* * * LOW HITPOINT WARNING * * *
You partially resist.
You feel drained.
The spriggan rider hits you with the cursed +1 spear "Enuudyig" {antimagic, +Blink +Inv}!!
You die...

####.....P# ####....##
#####....## #.#......###
.........####..........#
.........#.............#
.#.##...........##.....#
.###.....#P...©........#
.# #........#####.....##
.####.....###.©i###.(.###
...#.....##...ii@###....#
....P....##..yW### #..P##
...PP...##.##..#≈####.##
........#.##≈§§i##i.#.#
........#..##§_.....#.#
........#.......#...#.#
....##..##.....≈##.##.#
.........#.....##..#..#
.........##......###..##


You could see a spriggan rider (berserk), a moth of wrath, 2 spriggans and
Kotami's ghost.

Vanquished Creatures
  A minotaur (Lair:1)
  The ghost of vortex the Thaumaturge, a journeyman DEFE of Vehumet (Lair:1)
  A hydra (Lair:2)
  A two-headed ogre (D:10)
  2 cane toads (Lair:1)
  A komodo dragon (Lair:1)
  3 blink frogs (Lair:2)
  2 spriggans (Lair:2)
  A shadow (D:10)
  A wyvern (Lair:1)
  Edmund (D:4)
  Duvessa (D:7)
  8 water moccasins
  Purgy (Sewer)
  A hornet zombie (D:10)
  2 orc warriors
  2 ice beasts
  3 ogres
  11 wolves
  3 boggarts (D:9)
  An eye of draining (D:10)
  4 centaurs
  7 bullfrogs
  Dowan (D:7)
  4 scorpions
  A water moccasin skeleton (D:8)
  5 killer bees (D:10)
  2 howler monkeys (D:7)
  5 wights (D:7)
  2 bullfrog zombies
  A hound (D:6)
  4 orc priests
  2 centaur skeletons
  Crazy Yiuf (D:7)
  2 bullfrog skeletons
  3 orc wizards
  6 worker ants
  A hound zombie (D:6)
  3 hound skeletons
  2 worker ant zombies
  13 adders
  A howler monkey skeleton (D:3)
  3 shadow imps
  6 white imps
  2 oozes
  An adder zombie (D:7)
  A worm (D:4)
  A dart slug (D:4)
  12 leopard geckos
  25 orcs
  13 bats
  4 giant cockroaches
  4 hobgoblins
  14 jackals
  5 kobolds
  3 quokkas
  A frilled lizard (D:1)
  10 goblins
  A leopard gecko zombie (D:6)
  A quokka skeleton (D:4)
  A quokka zombie (D:5)
  4 rats
230 creatures vanquished.

Vanquished Creatures (others)
  3 fungi (Lair:2)
  2 plants
5 creatures vanquished.

Grand Total: 235 creatures vanquished

Notes
Turn   | Place    | Note
-------+----------+-------------------------------------------
     0 | D:1      | Racklesnatz the Hill Orc Fighter began the quest for the
                  | Orb.
     0 | D:1      | Reached XP level 1. HP: 19/19 MP: 1/1
    74 | D:1      | Reached XP level 2. HP: 19/27 MP: 2/2
   616 | D:1      | Reached XP level 3. HP: 28/33 MP: 3/3
  1122 | D:2      | Reached XP level 4. HP: 40/40 MP: 4/4
  2188 | D:3      | Reached XP level 5. HP: 47/47 MP: 5/5
  3040 | D:4      | Noticed Edmund
  3057 | D:4      | Killed Edmund
  3057 | D:4      | Reached skill level 5 in Axes
  3057 | D:4      | Reached XP level 6. HP: 48/53 MP: 6/6
  3350 | D:4      | Reached skill level 1 in Maces & Flails
  3350 | D:4      | Reached skill level 1 in Dodging
  3350 | D:4      | Reached XP level 7. HP: 58/60 MP: 7/7
  3560 | D:4      | Reached skill level 2 in Maces & Flails
  3560 | D:4      | HP: 3/60 [orc (1)]
  3842 | D:4      | Found a staircase to the Ecumenical Temple.
  3942 | D:4      | Gained mutation: You have sharp toenails. [potion of
                  | mutation]
  3942 | D:4      | Gained mutation: You are robust. (+10% HP) [potion of
                  | mutation]
  3942 | D:4      | Gained mutation: You have razor-sharp toenails. [potion of
                  | mutation]
  3942 | D:4      | Gained mutation: You can translocate small distances at
                  | will. [potion of mutation]
  4101 | D:5      | Entered Level 5 of the Dungeon
  4117 | D:5      | Reached skill level 3 in Maces & Flails
  4179 | D:5      | Got a pitted trident
  4180 | D:5      | Identified the cursed +2 trident of the Equinox {vorpal,
                  | +Inv Str+9} (You found it on level 5 of the Dungeon)
  4389 | D:5      | Reached skill level 5 in Fighting
  4435 | D:5      | Found a shadowy altar of Dithmenos.
  4440 | D:5      | Reached skill level 4 in Maces & Flails
  4545 | D:5      | Found a glowing golden altar of the Shining One.
  4699 | D:5      | Reached skill level 5 in Shields
  4699 | D:5      | Reached XP level 8. HP: 21/74 MP: 8/8
  4729 | D:5      | Found a glowing drain.
  4735 | Sewer    | Entered a sewer
  5029 | Sewer    | Noticed Purgy
  5039 | Sewer    | Killed Purgy
  5039 | Sewer    | Reached skill level 5 in Maces & Flails
  5416 | D:5      | Became a worshipper of the Shining One
  5499 | D:6      | Reached skill level 5 in Armour
  5543 | D:6      | Reached skill level 6 in Maces & Flails
  6007 | D:6      | Reached * piety under the Shining One
  6253 | D:7      | Reached skill level 7 in Maces & Flails
  6312 | D:7      | Reached XP level 9. HP: 77/81 MP: 9/9
  6327 | D:7      | Reached skill level 8 in Maces & Flails
  6431 | D:7      | Reached ** piety under the Shining One
  6626 | D:7      | Noticed Duvessa
  6626 | D:7      | Noticed Dowan
  6633 | D:7      | Killed Dowan
  6640 | D:7      | Killed Duvessa
  6643 | D:7      | Found a bloodstained altar of Trog.
  6828 | D:7      | Found a runed translucent door.
  6829 | D:7      | Noticed Crazy Yiuf
  6838 | D:7      | Killed Crazy Yiuf
  7337 | D:8      | Reached skill level 9 in Maces & Flails
  7870 | D:9      | Noticed a troll
  8039 | D:9      | Found an iron altar of Okawaru.
  8174 | D:9      | Found a broken altar of Ashenzari.
  8588 | D:10     | Entered Level 10 of the Dungeon
  8611 | D:10     | Reached skill level 10 in Maces & Flails
  8640 | D:10     | Reached XP level 10. HP: 92/92 MP: 10/10
  8912 | D:10     | Noticed a two-headed ogre
  8929 | D:10     | Killed a two-headed ogre
  8929 | D:10     | Reached skill level 11 in Maces & Flails
  9264 | D:10     | Found a staircase to the Lair.
  9914 | Lair:1   | Entered Level 1 of the Lair of Beasts
  9940 | Lair:1   | Noticed a cane toad
  9949 | Lair:1   | Killed a cane toad
  9987 | Lair:1   | Reached skill level 12 in Maces & Flails
 10148 | Lair:1   | Found a sacrificial altar of Ru.
 10264 | Lair:1   | Noticed vortex's ghost (journeyman DEFE)
 10265 | Lair:1   | Reached *** piety under the Shining One
 10273 | Lair:1   | Noticed a minotaur
 10296 | Lair:1   | Found a runed translucent gate.
 10296 | Lair:1   | Found a runed translucent gate.
 10296 | Lair:1   | Found a runed translucent gate.
 10364 | Lair:1   | Killed vortex's ghost
 10364 | Lair:1   | Reached XP level 11. HP: 52/101 MP: 11/11
 10384 | Lair:1   | Killed a minotaur
 10677 | Lair:1   | Got a jewelled rapier
 10687 | Lair:1   | Identified the +9 rapier "Ximuffoggo" {antimagic, Int+4}
                  | (You found it on level 1 of the Lair of Beasts)
 10800 | Lair:1   | Reached skill level 13 in Maces & Flails
 11925 | Lair:2   | Noticed a six-headed hydra
 11964 | Lair:2   | Killed a six-headed hydra
 12457 | Lair:2   | Found a bloodstained altar of Trog.
 12457 | Lair:2   | Noticed Kotami's ghost (journeyman OpFi)
 12457 | Lair:2   | Identified the cursed +1 spear "Enuudyig" {antimagic,
                  | +Blink +Inv}
 12457 | Lair:2   | Noticed a spriggan rider
 12461 | Lair:2   | Noticed a moth of wrath
 12468 | Lair:2   | Noticed a moth of wrath
 12474 | Lair:2   | Found a transporter.
 12476 | Lair:2   | Found a transporter.
 12512 | Lair:2   | HP: 2/104 [spriggan rider/the cursed +1 spear "Enuudyig"
                  | {antimagic, +Blink +Inv} (25)]
 12513 | Lair:2   | Mangled by a spriggan rider

Illustrated notes

Levels and vault maps discovered:
D:1:      psy_arrival_dodecagon, layout_loops_cross, minmay_pentomino_v2
D:2:      layout_loops_corners, columned_hall_lemuel, minmay_misc_feat_square
D:3:      layout_loops_corners, hangedman_decor_growths
D:4:      kennysheep_big_flooded_room, layout_basic, minmay_temple_entry_tees,
          minmay_misc_feat_nine_boxes, uniq_edmund
D:5:      layout_loops_ring, kennysheep_mini, gup_sewer_entry_pipe,
          grunt_dithmenos_smoke_and_mirrors
D:6:      layout_rooms, nicolae_underground_beach
D:7:      layout_cave_pools, trog_hazing_becter, uniq_crazy_yiuf_cottage,
          uniq_duvessa
D:8:      layout_basic
D:9:      layout_roguey, basic_altar, minmay_statues_item, okawaru_gym_becter
D:10:     layout_irregular_city, lair_entry_dummy
Lair:1:   layout_roguey, maelrawn_ghost_gauntlet_escape, basic_altar
Lair:2:   layout_gridlike, gammafunk_ghost_wrathful_warriors

Skill      XL: |  1  2  3  4  5  6  7  8  9 10 11 |
---------------+----------------------------------+-----
Fighting       | 4 5 6 7 8 |  8.6
Axes           | 3 4 5 6 |  6.0
Armour         | 4 5 6 7 |  7.7
Shields        | 4 5 6 7 8 |  8.3
Maces & Flails | 1 4 7 10 12 13 | 13.4
Dodging        | 1 2 |  2.8
Throwing       | |  0.4
Stealth        | |  0.6

Action                   |  1- 3 |  4- 6 |  7- 9 | 10-12 || total
-------------------------+-------+-------+-------+-------++-------
Melee: War axe           |    83 |   111 |       |       ||   194
       Flail             |       |    12 |   367 |   337 ||   716
       Kick              |       |       |    82 |       ||    82
Throw: Dart              |       |       |     9 |       ||     9
       Stone             |       |       |     1 |       ||     1
 Abil: Blink             |       |       |    18 |     1 ||    19
Evoke: Wand              |       |       |     4 |       ||     4
  Use: Scroll            |       |    11 |    10 |     6 ||    27
       Potion            |       |     6 |     5 |     6 ||    17
 Stab: Sleeping          |       |     1 |       |       ||     1
Armor: Scale mail        |    35 |       |       |       ||    35
       Ring mail         |     6 |    60 |   157 |       ||   223
       Plate armour      |       |       |     8 |   186 ||   194
Dodge: Dodged            |    35 |    43 |   124 |    78 ||   280
Block: Kite shield       |    43 |    64 |   207 |   213 ||   527

Table legend: (Time is in decaauts)
 A = Elapsed time spent in this place.
 B = Non-inter-level travel time spent in this place.
 C = Inter-level travel time spent in this place.
 D = Time resting spent in this place.
 E = Time spent auto-exploring this place.
 F = Levels seen in this place.
 G = Mean time per level.
                   A        B        C        D        E       F      G
               +--------+--------+--------+--------+--------+-----+--------+
         Total |  12541 |  12185 |    356 |   2900 |   5244 |  13 |  964.7 |
       Dungeon |   9635 |   9301 |    334 |   1459 |   4577 |  10 |  963.5 |
          Lair |   2545 |   2523 |     22 |   1174 |    667 |   2 | 1272.5 |
         Sewer |    361 |    361 |      0 |    267 |      0 |   1 |  361.0 |
               +--------+--------+--------+--------+--------+-----+--------+

Top non-repeatable levels by time:
  Lair:1: 1638 daAuts
    D:10: 1311 daAuts
     D:3: 1184 daAuts
     D:4: 1171 daAuts
     D:5: 1017 daAuts
     D:1: 911 daAuts
  Lair:2: 906 daAuts
     D:2: 896 daAuts
     D:7: 888 daAuts
     D:6: 787 daAuts
     D:9: 759 daAuts
     D:8: 708 daAuts
   Sewer: 361 daAuts
